AoeStats
← [NICE_ASS] BigMasi

Four Lakes

510143116Analyzed
1v1 RM · 2d ago on Sep 29, 2026· 24m 8s· 2 players
Game mode
Random Map
Map size
Tiny (2 player)
Population
200
Speed
Normal
Resources
Standard
Victory
Conquest
Starting age
Dark Age
Ending age
Imperial Age
RankedLock teamsTeams togetherTeam positionsShared explorationLock speedFull tech treeHidden civsTurbo modeCheats
Victory
Defeat
🇨🇭 Vietnamese · Switzerland
1310
+17
🇨🇳 Danes · China
1325
-17
[NICE_ASS] BigMasi
7:50 Loom
8:05 Loom
10:55 Feudal Age
13:07 Double-Bit Axe
13:16 Gold Mining
13:07 Horse Collar
15:29 Fletching
22:22 Castle Age
23:07 Bodkin Arrow
22:37 Crossbowman
23:30 Thumb Ring
北斗星司
7:27 Loom
9:20 Feudal Age
10:03 Man-at-Arms
12:43 Arson
14:01 Fishing Lines
18:06 Horse Collar
18:31 Fletching
20:18 Wheelbarrow
21:05 Padded Archer Armor
22:07 Town Watch
26:39 Castle Age
Connection lost

Rejoining the realm…

Still unreachable

The connection could not be restored.

Session expired

The server has moved on; the page needs a fresh start.